[Event "Late-Titled-Tuesday-Blitz-February-20-2024"]
[Site "Chess.com"]
[Date "2024.02.20"]
[Round "2"]
[White "ahkashefi2800"]
[Black "ProphetReborn"]
[Result "1/2-1/2"]
[WhiteElo "2538"]
[BlackElo "2840"]
[TimeControl "180+1"]
[EndTime "14:19:32 PST"]
[Termination "Game drawn by repetition"]

1. Nf3 Nf6 2. g3 b6 3. Bg2 Bb7 4. O-O e6 5. d4 Be7 6. Bg5 O-O 7. c3 c5 8. Qc2 Nc6 9. e3 Rc8 10. Nbd2 h6 11. Bxf6 Bxf6 12. Qd3 d5 13. Rfe1 Qd7 14.
Rad1 Rfe8 15. dxc5 bxc5 16. e4 d4 17. e5 Be7 18.
Nb3 Red8 19. cxd4 cxd4 20. Nfxd4 Nb4 21. Qb1 Bxg2 22. Kxg2 Qb7+ 23. Kg1 Rd5 24. a3 Na6 25. Qe4 Rcd8 26. Na5 Qxb2 27. Nac6 R8d7 28. Nxe7+ Rxe7 29. Nf5 Re8 30. Rxd5 exf5 31. Qxf5 Nb8 32. e6 fxe6 33.
Rxe6 Rf8 34. Qd3 Qxf2+ 35. Kh1 Qf7 36. Rde5 Nd7 37. Re1 Nc5 38. Qe3 Qb7+ 39. Kg1 Nxe6 40. Qxe6+ Kh8 41. Qe3 Rf3 42. Qe8+ Kh7 43. a4 Qb6+ 44.
Kg2 Rf2+ 45. Kh3 Rf5 46. Qe4 Qg6 47. Kg2 h5 48. Re2 Ra5 49. Qxg6+ Kxg6 50. Re4 Kf5 51.
Rf4+ Ke5 52. h4 g6 53. Kf3 Rc5 54. Re4+ Kd6 55. Rd4+ Ke6 56. Re4+ Kf6 57. Kf4 Rc1 58. Rd4 Rf1+ 59. Ke3 Ke5 60. Re4+ Kf5 61. Rc4 Ra1 62. Kf3 Ra3+ 63. Kg2 Ke5 64. Rc5+ Kd4 65. Ra5 Ke4 66. Rxa7 Ra2+ 67. Kh3 Ra1 68. Rf7 Ke5 69. Rf4 Ra2 70. Rb4 Ra1 71. Rb5+ Ke4 72. a5 Kf3 73. Rb3+ Kf2 74.
Rb2+ Kf3 75. Rb3+ Kf2 76. Kh2 Rxa5 77. Rb6 g5 78. Rf6+ Ke3 79. hxg5 Rxg5 80. Kh3 Ke4 81. Kh4 Rg4+ 82. Kh3 Rg5 83. Rf4+ Ke5 84. Kh4 Rg8 85. Rf3 Ke4 86. Rf4+ Ke5 87. Rf3 Ke4 88. Ra3 Kf5 89. Ra5+ Kf6 90. Rxh5 Rd8 91. g4 Rd1 92. Rh6+ Kg7 93. Ra6 Rd5 94. Ra7+ Kg6 95. Ra6+ Kg7 96. Rb6 Rc5 97. Kg3 Rc4 98. Kh4 Rc5 99. Ra6 Rd5 1/2-1/2

[Event "Late-Titled-Tuesday-Blitz-February-20-2024"]
[Site "Chess.com"]
[Date "2024.02.20"]
[Round "2"]
[White "NikoTheodorou"]
[Black "jsdbv18"]
[Result "1/2-1/2"]
[WhiteElo "3057"]
[BlackElo "2629"]
[TimeControl "180+1"]
[EndTime "14:19:36 PST"]
[Termination "Game drawn by 50-move rule"]

1. Nf3 d5 2. b3 e6 3. Bb2 Nf6 4. g3 c5 5. Bg2 Nc6 6. O-O Be7 7. d3 O-O 8. Nbd2 b6 9. e4 Bb7 10. Qe2 Qc7 11. Rfe1 a5 12. exd5 Nxd5 13. Ne4 a4 14.
Rab1 axb3 15. axb3 Ra2 16. h4 Rfa8 17. Nfg5 Nd4 18. Qh5 Bxg5 19. hxg5 Qe5 20. Nc3 Qxe1+ 21. Rxe1 Rxb2 22. Ne4 Rxc2 23. Nd6 g6 24. Qh4 Nf5 25. Nxf5 gxf5 26. d4 Raa2 27. Rf1 Ba6 28. Bxd5 Bxf1 29. Bxe6 fxe6 30. Qh6 Re2 31. g6 hxg6 32. Qxg6+ Kf8 33. Qf6+ Ke8 34. d5 exd5 35. Qc6+ Ke7 36. Qc7+ Kf6 37. Qd6+ Kf7 38. Qxd5+ Kf6 39. Qd8+ Ke6 40. Qxb6+ Kd5 41. Qd8+ Ke4 42. Qg5 Rxf2 43. Qe7+ Kf3 44. Qb7+ Kxg3 45. Qg7+ Kf3 46. Qb7+ Ke3 47. Qe7+ Kd3 48. Qd6+ Ke4 49. Qe6+ Kd4 50. Qd6+ Ke4 51. Qc6+ Kf4 52. Qh6+ Ke5 53.
Qg7+ Kd6 54. Qf6+ Kc7 55. Qe7+ Kb6 56. Qd6+ Kb5 57. Qb8+ Ka5 58. Qa7+ Kb4 59. Qb6+ Kc3 60. Qxc5+ Kxb3 61. Qb6+ Kc3 62. Qf6+ Kd2 63. Kxf2 Bd3 64. Kf3 Be4+ 65. Kf4 Rc2 66. Qd4+ Ke2 67. Qa4 Kd2 68. Qa5+ Ke2 69. Qa6+ Kd2 70. Qa7 Ke2 71. Qe3+ Kd1 72.
Ke5 Rd2 73. Qg1+ Kc2 74. Kf4 Rd3 75. Qa7 Kd2 76. Qa2+ Kc3 77. Qa1+ Kc2 78. Ke5 Rd5+ 79. Kf6 Rd3 80. Kg5 Kd2 81. Qb2+ Ke3 82. Qc1+ Ke2 83. Kf4 Rf3+ 84. Ke5 Rd3 85. Qb2+ Rd2 86. Qb6 Rd5+ 87.
Kf4 Rd3 88. Qb5 Kd2 89. Qb2+ Ke1 90. Qa2 Kd1 91. Ke5 Rd2 92. Qa1+ Ke2 93. Kf6 Ke3 94.
Kg5 Rd5 95. Qe1+ Kd3 96. Kf4 Kc4 97. Qc1+ Kd3 98. Qb2 Kc4 99. Ke3 Rd3+ 100. Ke2 Kd5 101. Qb5+ Ke6 102. Qb6+ Ke5 103. Qb8+ Kf6 104. Qf8+ Ke5 105. Qe7+ Kf4 106. Qh4+ Ke5 107. Qh6 Rf3 108. Qb6 Rd3 109. Qb8+ Ke6 110. Qf8 Kd5 111. Qe7 Kd4 112. Qd6+ Kc4 113. Qa6+ 1/2-1/2

[Event "Late-Titled-Tuesday-Blitz-February-20-2024"]
[Site "Chess.com"]
[Date "2024.02.20"]
[Round "3"]
[White "Elsa167"]
[Black "chucksterf10"]
[Result "1-0"]
[WhiteElo "2888"]
[BlackElo "2561"]
[TimeControl "180+1"]
[EndTime "14:21:30 PST"]
[Termination "Elsa167 won by resignation"]

1. d4 Nf6 2. c4 e6 3. Nf3 d5 4.
Nc3 a6 5. cxd5 exd5 6. Bg5 Be7 7.
e3 O-O 8. Bd3 Be6 9. Qc2 Nbd7 10. O-O Re8 11. Rab1 c6 12. h3 h6 13. Bh4 Bc5 14.
dxc5 1-0

[Event "Late-Titled-Tuesday-Blitz-February-20-2024"]
[Site "Chess.com"]
[Date "2024.02.20"]
[Round "3"]
[White "Perecke"]
[Black "aa175"]
[Result "1-0"]
[WhiteElo "2482"]
[BlackElo "2681"]
[TimeControl "180+1"]
[EndTime "14:22:00 PST"]
[Termination "Perecke won by checkmate"]

1. e4 e5 2. Nf3 Nf6 3. d4 Nxe4 4. dxe5 Bc5 5. Qd5 Nxf2 6. Qxc5 Nxh1 7. Bg5 d6 8. Qe3 Qd7 9. exd6+ Qe6 10. dxc7 Nc6 11. Nc3 f6 12. Bc4 Qxe3+ 13. Bxe3 Bg4 14. O-O-O Bxf3 15. gxf3 Ne5 16. Bb5+ Kf7 17. Rxh1 a6 18. Be2 Rhe8 19.
f4 Nc6 20. Bc4+ Ke7 21. Bc5+ Kd7 22. Rd1+ Kxc7 23. Nd5+ Kb8 24. Nb6 Ra7 25. Bd6# 1-0

[Event "Late-Titled-Tuesday-Blitz-February-20-2024"]
[Site "Chess.com"]
[Date "2024.02.20"]
[Round "3"]
[White "Doomfist26"]
[Black "picturesquecheck"]
[Result "1/2-1/2"]
[WhiteElo "2652"]
[BlackElo "2460"]
[TimeControl "180+1"]
[EndTime "14:22:07 PST"]
[Termination "Game drawn by repetition"]

1. e4 c5 2. Nf3 d6 3. d4 cxd4 4. Nxd4 Nf6 5. Nc3 Nc6 6. Bg5 e6 7. Qd3 Be7 8. O-O-O O-O 9. Nxc6 bxc6 10. Qg3 e5 11. Bh6 Nh5 12. Qf3 Nf6 13. Qg3 Nh5 14. Qf3 Nf6 15. Qg3 1/2-1/2

[Event "Late-Titled-Tuesday-Blitz-February-20-2024"]
[Site "Chess.com"]
[Date "2024.02.20"]
[Round "3"]
[White "morte-negra"]
[Black "rachidhuilda"]
[Result "1-0"]
[WhiteElo "2026"]
[BlackElo "2347"]
[TimeControl "180+1"]
[EndTime "14:22:18 PST"]
[Termination "morte-negra won by checkmate"]

1. e4 c6 2. d4 d5 3. e5 Bf5 4. h4 h5 5. Bd3 Bxd3 6. Qxd3 e6 7. Bg5 Be7 8. Nf3 Nh6 9. Nbd2 Nf5 10. c4 Nd7 11. g3 dxc4 12. Nxc4 Nb6 13. Bxe7 Qxe7 14.
O-O O-O 15. Ng5 Rad8 16. Ne3 Nxd4 17. Qh7# 1-0

[Event "Late-Titled-Tuesday-Blitz-February-20-2024"]
[Site "Chess.com"]
[Date "2024.02.20"]
[Round "3"]
[White "penguingm1"]
[Black "pfalcon1949"]
[Result "1-0"]
[WhiteElo "2832"]
[BlackElo "2000"]
[TimeControl "180+1"]
[EndTime "14:22:21 PST"]
[Termination "penguingm1 won by resignation"]

1. a4 Nf6 2. Ra3 e6 3. Rg3 d5 4. b3 c5 5. Bb2 Nc6 6. e3 Bd7 7.
f4 d4 8. Nf3 Ne4 9. Rh3 f5 10.
Na3 a6 11. Nc4 b5 12. Nce5 Nxe5 13. Nxe5 Bd6 14. Qh5+ 1-0

[Event "Late-Titled-Tuesday-Blitz-February-20-2024"]
[Site "Chess.com"]
[Date "2024.02.20"]
[Round "3"]
[White "Casper"]
[Black "KVAIDAN"]
[Result "1-0"]
[WhiteElo "2562"]
[BlackElo "2370"]
[TimeControl "180+1"]
[EndTime "14:22:50 PST"]
[Termination "Casper won by resignation"]

1. Nf3 f5 2. d4 Nf6 3. Bg5 Ne4 4. Nc3 Nxg5 5. Nxg5 e5 6. Nf3 e4 7. Ne5 Bb4 8. e3 d6 9. Qh5+ g6 10. Nxg6 hxg6 11. Qxh8+ Kd7 12. Qg7+ Qe7 13. Qxg6 Kd8 14. h4 Nd7 15. h5 Nf8 16. Qg8 Qe6 17. Bc4 d5 18. Bxd5 1-0

[Event "Late-Titled-Tuesday-Blitz-February-20-2024"]
[Site "Chess.com"]
[Date "2024.02.20"]
[Round "3"]
[White "Ajedrez_con_German"]
[Black "Taran2004"]
[Result "0-1"]
[WhiteElo "2644"]
[BlackElo "2436"]
[TimeControl "180+1"]
[EndTime "14:23:06 PST"]
[Termination "Taran2004 won by resignation"]

1. Nf3 Nf6 2. d4 g6 3. Bf4 Bg7 4.
e3 O-O 5. h3 d6 6. Be2 c5 7. c3 b6 8. O-O Bb7 9. Bh2 Nbd7 10. Nbd2 Ne4 11. Nxe4 Bxe4 12. a4 a6 13. Nd2 Bb7 14. Bf3 Qc7 15. Bxb7 Qxb7 16. Qf3 Qxf3 17. Nxf3 b5 18. Rfe1 Rfb8 19. axb5 axb5 20. dxc5 Nxc5 21. Nd4 Nd3 22. Reb1 Rxa1 23. Rxa1 Bxd4 24. cxd4 Nxb2 25. Rb1 Nc4 26. e4 b4 27. Bf4 b3 0-1

[Event "Late-Titled-Tuesday-Blitz-February-20-2024"]
[Site "Chess.com"]
[Date "2024.02.20"]
[Round "3"]
[White "Cristi_Coca"]
[Black "JosephRyan"]
[Result "1-0"]
[WhiteElo "2388"]
[BlackElo "2165"]
[TimeControl "180+1"]
[EndTime "14:23:33 PST"]
[Termination "Cristi_Coca won by resignation"]

1. e4 e5 2. Nf3 Nc6 3. Bc4 Bc5 4. c3 Nf6 5. d3 d6 6. Nbd2 a6 7. Bb3 Ba7 8. h3 h6 9. Nf1 d5 10. exd5 Nxd5 11. Ng3 O-O 12. O-O Be6 13. Re1 Qd6 14. Nh4 Nde7 15. Bxe6 Qxe6 16. d4 Qf6 17. Qg4 exd4 18.
Nh5 1-0

[Event "Late-Titled-Tuesday-Blitz-February-20-2024"]
[Site "Chess.com"]
[Date "2024.02.20"]
[Round "3"]
[White "CaspiIsrael"]
[Black "tusplingher"]
[Result "1-0"]
[WhiteElo "2716"]
[BlackElo "2469"]
[TimeControl "180+1"]
[EndTime "14:23:42 PST"]
[Termination "CaspiIsrael won by resignation"]

1. e4 c5 2. Nf3 d6 3. d4 cxd4 4.
Nxd4 Nf6 5. f3 a6 6. c4 Nc6 7. Nc3 g6 8. Be3 Bg7 9. Qd2 O-O 10. Be2 Bd7 11. h4 h5 12. O-O-O Rc8 13. Kb1 Ne5 14. b3 Re8 15. g4 hxg4 16. h5 gxh5 17.
Bh6 Ng6 18. Nf5 Bxf5 19. exf5 Ne5 20. Qg5 Ng6 21. fxg6 Bxh6 22. Qxh6 Qa5 23. Nd5 fxg6 24. Qxg6+ Kf8 25. Nxf6 exf6 26. Qxf6+ Kg8 27. Rd5 Qd8 28.
Rg5+ 1-0

[Event "Late-Titled-Tuesday-Blitz-February-20-2024"]
[Site "Chess.com"]
[Date "2024.02.20"]
[Round "3"]
[White "CFalcons8"]
[Black "SaqoChess_Twitch"]
[Result "0-1"]
[WhiteElo "2422"]
[BlackElo "2632"]
[TimeControl "180+1"]
[EndTime "14:23:50 PST"]
[Termination "SaqoChess_Twitch won by resignation"]

1. Nf3 d5 2. c4 e6 3. d4 Nf6 4. g3 Be7 5. Bg2 O-O 6. O-O dxc4 7.
Qc2 a6 8. Qxc4 b5 9. Qc2 Bb7 10. Bd2 Nbd7 11. Nc3 c5 12. dxc5 Nxc5 13. Rfd1 Qc8 14. Rac1 b4 15. Nb1 Be4 16. Qc4 Bd5 17. Qxb4 Rb8 18. Qd4 Qb7 19. Rxc5 Bxc5 20. Qxc5 Qxb2 21.
Nc3 Bxa2 22. Nxa2 Qxa2 23. Qe5 Rb1 24. Rxb1 Qxb1+ 25. Bf1 h6 26. Bxh6 Rd8 27. Qg5 Qh7 28. Qa5 Rd1 29. Bd2 Qb1 30. Qd8+ Kh7 31. Ng5+ Kg6 32.
Qc7 Rxf1+ 33. Kg2 Rg1+ 34. Kh3 Qf5+ 0-1

[Event "Late-Titled-Tuesday-Blitz-February-20-2024"]
[Site "Chess.com"]
[Date "2024.02.20"]
[Round "3"]
[White "tgpgoat"]
[Black "mbojan"]
[Result "0-1"]
[WhiteElo "2561"]
[BlackElo "2874"]
[TimeControl "180+1"]
[EndTime "14:23:51 PST"]
[Termination "mbojan won by resignation"]

1. Nf3 g6 2. c4 Bg7 3. g3 d6 4. Bg2 Bd7 5. O-O Qc8 6. d4 Bh3 7. Nc3 h5 8. Nd5 Bxg2 9. Kxg2 c6 10. Ne3 Nd7 11. b3 Nh6 12. Bb2 Nf6 13. h4 O-O 14.
Ng5 Nf5 15. Nxf5 Qxf5 16. Re1 Ne4 17. Nxe4 Qxe4+ 18. f3 Qe3 19. Qc1 Bxd4 20. Bxd4 Qxd4 21.
Qg5 Qe5 22. Qxe5 dxe5 23. Kf2 Rfd8 24. Rad1 f6 25. Ke3 Kf7 26. Rd3 Rxd3+ 27. exd3 Rd8 28. Rb1 Ke6 29. b4 Kf5 30. a4 Rh8 31. b5 c5 32. a5 g5 33. Rh1 g4 34. Rf1 gxf3 35. Kxf3 Rd8 36. Rd1 Rxd3+ 37. Rxd3 e4+ 38. Ke3 exd3 39.
Kxd3 Kg4 40. a6 b6 41. Ke4 e6 0-1

[Event "Late-Titled-Tuesday-Blitz-February-20-2024"]
[Site "Chess.com"]
[Date "2024.02.20"]
[Round "3"]
[White "katharinareinecke"]
[Black "ajeale2"]
[Result "0-1"]
[WhiteElo "1986"]
[BlackElo "2503"]
[TimeControl "180+1"]
[EndTime "14:23:57 PST"]
[Termination "ajeale2 won by resignation"]

1. d4 Nf6 2. Nf3 e6 3. c4 b6 4. g3 Bb7 5. Bg2 Bb4+ 6. Bd2 Qe7 7. O-O Bxd2 8. Nbxd2 O-O 9. e3 d6 10. Rc1 Nbd7 11. a3 a5 12. Nh4 Bxg2 13. Nxg2 e5 14. dxe5 dxe5 15. b3 Qxa3 16. Qc2 Rad8 17. Nf3 e4 18. Nd4 Ne5 19. Nf4 Qe7 20. Rfd1 g6 21. Nb5 c6 22. Nd4 h5 23. Nde2 Nf3+ 24. Kg2 h4 25. Nc3 Rxd1 26. Rxd1 Rd8 27. Rxd8+ Qxd8 28. Nxe4 Ne1+ 0-1

[Event "Late-Titled-Tuesday-Blitz-February-20-2024"]
[Site "Chess.com"]
[Date "2024.02.20"]
[Round "3"]
[White "aistrel"]
[Black "StrackedAktonamee"]
[Result "0-1"]
[WhiteElo "2528"]
[BlackElo "2375"]
[TimeControl "180+1"]
[EndTime "14:24:02 PST"]
[Termination "StrackedAktonamee won by checkmate"]

1. d4 Nf6 2. Nc3 d5 3. Bf4 g6 4. Qd2 Bg7 5. O-O-O c6 6. f3 b5 7. Bh6 Bxh6 8. Qxh6 b4 9. Na4 Nbd7 10. Kb1 Qa5 11. b3 Nb6 12. Nc5 Nbd7 13. Nd3 Qb6 14. e4 dxe4 15. fxe4 Nxe4 16. Ne2 Ndf6 17. Ne5 Nd5 18.
Qg7 Rf8 19. Rd3 Ba6 20. Rf3 Nd2+ 21. Kc1 Nxf3 22. gxf3 Bxe2 23. Bxe2 Qxd4 24. Rd1 Qa1+ 25. Kd2 Qc3+ 26. Kc1 Ne3 27. Rd2 Qa1# 0-1

[Event "Late-Titled-Tuesday-Blitz-February-20-2024"]
[Site "Chess.com"]
[Date "2024.02.20"]
[Round "3"]
[White "Njal28"]
[Black "otrov-11"]
[Result "1-0"]
[WhiteElo "2998"]
[BlackElo "2610"]
[TimeControl "180+1"]
[EndTime "14:24:04 PST"]
[Termination "Njal28 won by resignation"]

1. d4 Nf6 2. c4 e6 3. Nc3 Bb4 4.
e3 b6 5. a3 Bxc3+ 6. bxc3 c5 7.
Ne2 O-O 8. Ng3 d6 9. e4 Ne8 10. Bd3 Nc6 11. Be3 e5 12. d5 Na5 13. O-O Ba6 14.
Qe2 Qd7 15. a4 g6 16. Bh6 Ng7 17. f4 exf4 18. Rxf4 f6 19. Raf1 Qe7 20. h4 Rae8 21. h5 g5 22. R4f3 Bc8 23. Qf2 f5 24. exf5 Qf6 25. Bxg7 Kxg7 26. h6+ Kxh6 27. Nh5 Qe5 28. Rh3 g4 29. Qd2+ 1-0

[Event "Late-Titled-Tuesday-Blitz-February-20-2024"]
[Site "Chess.com"]
[Date "2024.02.20"]
[Round "3"]
[White "vugarrasulov"]
[Black "maxip32"]
[Result "1-0"]
[WhiteElo "2932"]
[BlackElo "2655"]
[TimeControl "180+1"]
[EndTime "14:24:07 PST"]
[Termination "vugarrasulov won by resignation"]

1. e4 e6 2. d4 d5 3. exd5 exd5 4. Nf3 Nf6 5. Bd3 c5 6. O-O c4 7. Re1+ Be7 8. Bf1 O-O 9. c3 Nc6 10. Bf4 Bg4 11. Nbd2 Re8 12. b3 b5 13. bxc4 dxc4 14. Qc2 Nd5 15. Bg3 Bh5 16. a4 a6 17. axb5 axb5 18.
Rxa8 Qxa8 19. Qf5 Bxf3 20. Qxf3 Qd8 21. Rb1 b4 22. Bxc4 bxc3 23. Bxd5 cxd2 24. Bxf7+ Kh8 25. Bxe8 Nxd4 26. Qd1 Bd6 27. Bh5 Bxg3 28. hxg3 g6 29. Bf3 Qg5 30. Rb2 1-0

[Event "Late-Titled-Tuesday-Blitz-February-20-2024"]
[Site "Chess.com"]
[Date "2024.02.20"]
[Round "3"]
[White "LyonBeast"]
[Black "Kiborg95"]
[Result "1-0"]
[WhiteElo "3161"]
[BlackElo "2819"]
[TimeControl "180+1"]
[EndTime "14:24:12 PST"]
[Termination "LyonBeast won by resignation"]

1. e4 d6 2. d4 Nf6 3. Bd3 e5 4. c3 Nbd7 5. Nf3 d5 6. dxe5 dxe4 7. exf6 exf3 8. fxg7 Bxg7 9. gxf3 O-O 10. Be3 Ne5 11.
Be2 Qh4 12. Qc2 Qh3 13. Nd2 Bf5 14. Qa4 Nd3+ 15. Bxd3 Bxd3 16. O-O-O Bg6 17. Qg4 Qh5 18. Qxh5 Bxh5 19. Rhg1 Kh8 20. Rg5 Bg6 21. Ne4 Rfe8 22. Rd7 Be5 23. Rxe5 Rxe5 24. Bd4 Re8 25. f4 Bxe4 26.
fxe5 Re6 27. Rxf7 1-0

[Event "Late-Titled-Tuesday-Blitz-February-20-2024"]
[Site "Chess.com"]
[Date "2024.02.20"]
[Round "3"]
[White "Piotrek1979"]
[Black "lucasran"]
[Result "0-1"]
[WhiteElo "2425"]
[BlackElo "2639"]
[TimeControl "180+1"]
[EndTime "14:24:16 PST"]
[Termination "lucasran won by resignation"]

1. Nf3 Nf6 2. e3 b6 3. b3 Bb7 4. Bb2 g6 5. c4 Bg7 6. Be2 c5 7.
Qc2 O-O 8. a3 d5 9. d3 Nc6 10.
cxd5 Qxd5 11. Nc3 Qd7 12. Rc1 Rac8 13. Qb1 Qe6 14. Ba1 Na5 15. b4 Nb3 16. bxc5 Nxc1 17. Qxc1 Rxc5 18. Nd4 Qc8 19. Qd2 Bxg2 20. Rg1 Bb7 21. Nb3 Rc7 22. d4 Ne4 23. Nxe4 Bxe4 24. f3 Rc2 25. Qd1 Bd5 0-1

[Event "Late-Titled-Tuesday-Blitz-February-20-2024"]
[Site "Chess.com"]
[Date "2024.02.20"]
[Round "3"]
[White "Inepton_Fermion"]
[Black "yuriydovzik"]
[Result "1-0"]
[WhiteElo "2382"]
[BlackElo "2152"]
[TimeControl "180+1"]
[EndTime "14:24:18 PST"]
[Termination "Inepton_Fermion won by resignation"]

1. Nf3 b6 2. b3 Bb7 3. Bb2 Nf6 4.
g3 d6 5. Bg2 e5 6. O-O g6 7. c4 Bg7 8. d4 e4 9. Nfd2 O-O 10.
Nc3 Re8 11. e3 c6 12. Ndxe4 Nxe4 13. Nxe4 d5 14. Nc3 Na6 15. cxd5 cxd5 16. Rc1 Bf8 17. a3 Nc7 18. Qf3 a5 19. Rc2 Rc8 20. Rfc1 Ne6 21. Nxd5 Ng5 22. Nf6+ Kh8 23. Qxb7 Rxc2 24. Rxc2 Qxf6 25.
d5 1-0

[Event "Late-Titled-Tuesday-Blitz-February-20-2024"]
[Site "Chess.com"]
[Date "2024.02.20"]
[Round "3"]
[White "mjelcic"]
[Black "a_kandil"]
[Result "1-0"]
[WhiteElo "2242"]
[BlackElo "2425"]
[TimeControl "180+1"]
[EndTime "14:24:21 PST"]
[Termination "mjelcic won by resignation"]

1. d4 Nf6 2. c4 e6 3. Nc3 Bb4 4. Bd2 O-O 5. Nf3 d5 6. e3 b6 7.
cxd5 exd5 8. Ne5 Bb7 9. Bd3 c5 10. O-O Nc6 11. Nxc6 Bxc6 12. Ne2 Bxd2 13. Qxd2 c4 14. Bc2 b5 15. a3 a5 16. Rac1 Qe7 17.
Bb1 b4 18. axb4 axb4 19. Qc2 Ba4 20. Qd2 Rfc8 21. Nf4 Bb5 22. Rfe1 Rc7 23. Qc2 g6 24.
Qe2 Rb8 25. Qf3 Bc6 26. h4 Ne4 27. h5 c3 28. bxc3 bxc3 29. Bxe4 dxe4 30. Qg3 Ba4 31. Nd5 Qd7 32. Nf6+ 1-0

[Event "Late-Titled-Tuesday-Blitz-February-20-2024"]
[Site "Chess.com"]
[Date "2024.02.20"]
[Round "3"]
[White "cristiano78"]
[Black "thesupera12"]
[Result "0-1"]
[WhiteElo "2245"]
[BlackElo "2491"]
[TimeControl "180+1"]
[EndTime "14:24:21 PST"]
[Termination "thesupera12 won by resignation"]

1. d4 b5 2. e4 Bb7 3. f3 a6 4. c4 bxc4 5. Bxc4 e6 6. Ne2 d5 7.
exd5 Bxd5 8. Bxd5 Qxd5 9. Nbc3 Qh5 10. O-O Bd6 11. Bf4 Nf6 12. Bxd6 cxd6 13. Rc1 O-O 14. Ng3 Qa5 15. a3 Nbd7 16. Re1 Rab8 17. Qd2 Nb6 18.
Nce4 Qxd2 19. Nxd2 Rfc8 20. Kf2 Nfd5 21. Nge4 Nf4 22.
Rxc8+ Nxc8 23. Rb1 Rxb2 24. Rxb2 Nd3+ 25. Ke3 Nxb2 26.
Nc3 Nb6 27. g4 N2c4+ 28. Nxc4 Nxc4+ 29. Kd3 Nxa3 30. Ne4 d5 31. Nc5 a5 32. Nb3 Nc4 33. Kc3 a4 34. Na1 h5 35. h3 hxg4 36. hxg4 Kh7 37. Nc2 a3 38. Kb3 Kg6 39. Nxa3 Nxa3 40.
Kxa3 Kg5 41. Kb4 Kf4 42. Kc5 Kxf3 43. Kd6 Ke4 44. Ke7 f5 45. g5 Kxd4 46. g6 f4 47. Kf7 f3 48. Kxg7 f2 49. Kh8 f1=Q 50. g7 Qg2 51. g8=Q Qxg8+ 52. Kxg8 e5 0-1

[Event "Late-Titled-Tuesday-Blitz-February-20-2024"]
[Site "Chess.com"]
[Date "2024.02.20"]
[Round "3"]
[White "maurovargas01"]
[Black "Happy1712Drummer"]
[Result "0-1"]
[WhiteElo "1869"]
[BlackElo "2353"]
[TimeControl "180+1"]
[EndTime "14:24:29 PST"]
[Termination "Happy1712Drummer won on time"]

1. e4 e6 2. f4 d5 3. Nc3 Nf6 4. e5 Nfd7 5. Nf3 c5 6. d3 Nc6 7.
g4 h5 8. g5 g6 9. h4 Ne7 10.
Bh3 Nb8 11. O-O Nbc6 12. Nb5 Nf5 13. Bxf5 exf5 14. Re1 Be6 15. Nd6+ Bxd6 16. exd6 Qxd6 17. Qe2 O-O 18. Bd2 d4 19. Qg2 Bd5 20. Qg3 Rae8 0-1

[Event "Late-Titled-Tuesday-Blitz-February-20-2024"]
[Site "Chess.com"]
[Date "2024.02.20"]
[Round "3"]
[White "Practical-Play"]
[Black "Phamtrangiaphuc2009"]
[Result "1-0"]
[WhiteElo "2534"]
[BlackElo "2295"]
[TimeControl "180+1"]
[EndTime "14:24:33 PST"]
[Termination "Practical-Play won by checkmate"]

1. e4 c5 2. Nf3 Nc6 3. c3 Nf6 4. e5 Nd5 5. b4 cxb4 6. c4 Nc7 7. d4 d5 8. a3 e6 9. c5 f6 10. axb4 Nxb4 11. Bd2 Nc6 12. exf6 Qxf6 13. Bg5 Qf7 14. Nc3 Be7 15. h4 O-O 16. Bd3 Nxd4 17. Bxh7+ Kxh7 18. Qxd4 Bf6 19. Bxf6 gxf6 20. Ng5+ fxg5 21. hxg5+ Kg6 22. Rh6+ Kxg5 23. Qh4+ Kf5 24. Ra4 d4 25. Rxd4 Ke5 26. Qe4# 1-0

[Event "Late-Titled-Tuesday-Blitz-February-20-2024"]
[Site "Chess.com"]
[Date "2024.02.20"]
[Round "3"]
[White "DraningWaterHi"]
[Black "Grindaveci"]
[Result "1-0"]
[WhiteElo "2253"]
[BlackElo "2426"]
[TimeControl "180+1"]
[EndTime "14:24:42 PST"]
[Termination "DraningWaterHi won by checkmate"]

1. d4 Nf6 2. c4 g6 3. g3 Bg7 4. Bg2 O-O 5. Nc3 d6 6. Nf3 Re8 7. O-O Nc6 8. e4 Nd7 9. d5 Nce5 10.
Nxe5 Nxe5 11. Qe2 c6 12. h3 Rb8 13. f4 Nd7 14. Be3 Qa5 15. Rac1 Nc5 16. Rc2 Bd7 17. a3 Nb3 18. Rd1 b5 19. dxc6 Bxc6 20. cxb5 Bxb5 21. Nxb5 Rxb5 22. Rd5 Rxd5 23. exd5 Rb8 24. Kh2 Nd4 25. Bxd4 Bxd4 26. Qxe7 Rxb2 27. Rc8+ Kg7 28. Qf8+ Kf6 29. Qxd6+ Kg7 30. Qf8+ Kf6 31. Rc6+ Kf5 32. Qxf7+ Bf6 33. Qxf6# 1-0

[Event "Late-Titled-Tuesday-Blitz-February-20-2024"]
[Site "Chess.com"]
[Date "2024.02.20"]
[Round "3"]
[White "colegiodemadrid"]
[Black "sergiochess83"]
[Result "0-1"]
[WhiteElo "2487"]
[BlackElo "2908"]
[TimeControl "180+1"]
[EndTime "14:24:48 PST"]
[Termination "sergiochess83 won by resignation"]

1. e4 e6 2. d4 d5 3. e5 c5 4. c3 Nc6 5. Nf3 Bd7 6. Be2 Nge7 7.
O-O Ng6 8. dxc5 Bxc5 9. Re1 Qb6 10. Rf1 Ncxe5 11. Nxe5 Nxe5 12. b4 Bd6 13. Kh1 O-O 14.
f4 Nc4 15. Bxc4 dxc4 16. Nd2 Qc7 17. Ne4 Be7 18. Be3 Bc6 19. Ng5 Bxg5 20. fxg5 Rad8 21. Qe2 Rd3 22. Rac1 b6 23. Bd4 Rd8 24. Rcd1 Rd5 25.
Rxd3 cxd3 26. Qe1 Rxg5 27. Rf2 e5 28. Be3 Rg6 29. Qd2 Qd7 30. Kg1 h6 31. a3 f5 0-1

[Event "Late-Titled-Tuesday-Blitz-February-20-2024"]
[Site "Chess.com"]
[Date "2024.02.20"]
[Round "3"]
[White "boguszp"]
[Black "Maestro1986"]
[Result "0-1"]
[WhiteElo "2011"]
[BlackElo "2505"]
[TimeControl "180+1"]
[EndTime "14:24:50 PST"]
[Termination "Maestro1986 won by resignation"]

1. d4 Nf6 2. Bf4 e6 3. Nc3 b6 4. e4 Bb4 5. f3 O-O 6. Qd2 d5 7. Bg5 dxe4 8. fxe4 Nxe4 9. Bxd8 Nxd2 10. Bxc7 Ne4 11.
Ne2 Ba6 12. Bxb8 Bxe2 13. Bxe2 Raxb8 14. O-O Nxc3 15. bxc3 Bxc3 16. Rad1 Rbd8 17. Rd3 Bxd4+ 18. Kh1 Bc5 19. Rdf3 g6 20. Bd3 Kg7 21. h4 f5 22.
Re1 Rfe8 23. Bc4 Rd4 24. Rxe6 Red8 25. Re7+ Bxe7 26. Re3 Rxh4+ 27. Kg1 Bc5 0-1

[Event "Late-Titled-Tuesday-Blitz-February-20-2024"]
[Site "Chess.com"]
[Date "2024.02.20"]
[Round "3"]
[White "Boundless_Strike"]
[Black "Mikhal867"]
[Result "1-0"]
[WhiteElo "2640"]
[BlackElo "2431"]
[TimeControl "180+1"]
[EndTime "14:24:52 PST"]
[Termination "Boundless_Strike won on time"]

1. d4 Nf6 2. Nc3 g6 3. e4 d6 4. Bg5 Bg7 5. e5 dxe5 6. dxe5 Qxd1+ 7. Rxd1 Ng4 8. h3 Nxe5 9. Nd5 O-O 10. Nxc7 Bf5 11. Nxa8 Nbc6 12. Nc7 Nb4 13. Nd5 Nxc2+ 14. Kd2 Nc6 15. g4 Be4 16. f3 Bxd5 17. Kxc2 Nb4+ 18. Kb1 Bxa2+ 19. Ka1 Bb3 20. Rd7 Rc8 21. Ne2 a5 22.
Nc3 a4 23. Bxe7 a3 24. Bxb4 Re8 25. Bb5 Ra8 26. bxa3 1-0

[Event "Late-Titled-Tuesday-Blitz-February-20-2024"]
[Site "Chess.com"]
[Date "2024.02.20"]
[Round "3"]
[White "GoltsevDmitry2000"]
[Black "Oleksandr_Bortnyk"]
[Result "0-1"]
[WhiteElo "2781"]
[BlackElo "3081"]
[TimeControl "180+1"]
[EndTime "14:24:56 PST"]
[Termination "Oleksandr_Bortnyk won by resignation"]

1. e4 Nf6 2. e5 Nd5 3. Nc3 Nb6 4.
d4 d5 5. exd6 cxd6 6. Nf3 g6 7.
Be3 Bg7 8. Bd3 Nc6 9. h3 O-O 10. O-O e5 11. dxe5 dxe5 12. Be2 Qe7 13. Nd5 Nxd5 14.
Qxd5 Rd8 15. Qc5 Qxc5 16. Bxc5 e4 17. Ng5 Bxb2 18. Rab1 Bd4 19. Nxe4 Bf5 20. Bxd4 Nxd4 21. Bd3 b6 22. f3 Rac8 23. Rf2 Kg7 24. Rb4 Be6 25.
a3 h6 26. Rd2 Nxc2 27. Rxc2 Rxd3 28. Rc7 Rxc7 0-1